 Dungeon Crawl Stone Soup version 0.19-a0-628-g9200b3b (webtiles) character file.

2032 Geppetto the Blocker (level 9, -3/64 HPs)
             Began as a Formicid Fighter on June 13, 2016.
             Was a Believer of Lugonu.
             Slain by an orc warrior
             ... wielding a +2 halberd of freezing
              (4 damage)
             ... on level 7 of the Dungeon.
             The game lasted 00:15:05 (5921 turns).

Geppetto the Blocker (Formicid Fighter)             Turns: 5921, Time: 00:15:06

Health: -3/64      AC: 15    Str: 20    XL:     9   Next: 47%
Magic:  8/8        EV: 10    Int:  5    God:    Lugonu [**....]
Gold:   340        SH: 12    Dex: 15    Spells: 0 memorised, 8 levels left

rFire  . . .     SeeInvis +     a - +0 long sword
rCold  . . .     Gourm    .     b - +0 scale mail
rNeg   . . .     Faith    .     c - +1 shield
rPois  .         Spirit   .     (helmet unavailable)
rElec  .         Dismiss  .     p - +0 cloak
rCorr  .         Reflect  .     (no gloves)
SustAt +         Harm     .     q - +2 pair of boots
MR     .....     Clarity  +     (no amulet)
Stlth  ..........               x - +4 ring of protection
                                l - ring of sustain attributes

@: not resistant to hostile enchantments, extremely unstealthy
A: permanent stasis, dig shafts and tunnels, four strong arms, antennae 3, agile
1, clarity, dopey 2, frail 1, low mp 1, subdued magic 1, MP-powered wands,
sturdy frame 1
a: Dig, Shaft Self, Depart the Abyss, Bend Space, Renounce Religion


You were on level 7 of the Dungeon.
You worshipped Lugonu.
Lugonu was pleased with you.
You were very hungry.

You visited 2 branches of the dungeon, and saw 8 of its levels.

You collected 340 gold pieces.

Inventory:

Hand Weapons
 a - a +0 long sword (weapon)
Missiles
 h - 13 javelins (quivered)
Armour
 b - a +0 scale mail (worn)
 c - a +1 shield (worn)
 p - a +0 cloak (worn)
 q - a +2 pair of boots (worn)
Jewellery
 e - an uncursed ring of magical power
 l - a ring of sustain attributes (left hand)
 x - a +4 ring of protection (right hand)
Wands
 v - a wand of slowing (12/48)
 y - a wand of digging (17/24)
Scrolls
 o - 2 scrolls of remove curse
 t - a scroll of noise {unknown}
Potions
 d - 2 potions of might
 i - a potion of invisibility
 j - 3 potions of curing
 m - 4 potions of brilliance
 n - 3 potions of flight
 s - a potion of resistance {unknown}
 u - a potion of cure mutation
 w - a potion of degeneration {unknown}
Comestibles
 f - 3 bread rations
 g - 3 slices of pizza
 k - 3 royal jellies
 r - 2 meat rations


   Skills:
 * Level 7.4 Fighting
 - Level 8.0 Long Blades
 - Level 3.2 Armour
 + Level 8.7 Shields


You had 8 spell levels left.
You didn't know any spells.

Dungeon Overview and Level Annotations

Branches:
Dungeon (7/15)             Temple (1/1) D:4

Altars:
Ashenzari
Dithmenos
Elyvilon
Fedhas
Gozag
Kikubaaqudgha
Makhleb
Okawaru
Pakellas
Qazlal
Ru
Sif Muna
Zin
The Shining One
Lugonu


Innate Abilities, Weirdness & Mutations

You are under a permanent stasis effect.
You can dig through walls and to a lower floor.
Your four strong arms can wield two-handed weapons with a shield.
You have a pair of large antennae on your head. (SInv)
You are agile. (Dex +2)
You possess an exceptional clarity of mind.
You are very dopey. (Int -4)
You are frail. (-10% HP)
Your magical capacity is low. (-10% MP)
Your spells are a little easier to cast, but a little less powerful.
You expend magic power (3 MP) to strengthen your wands.
Your movements are slightly less encumbered by armour. (ER -2)


Message History

The centaur shoots an arrow.
You block the arrow.
You see here an arrow.
The centaur shoots an arrow.
The arrow hits you.
* * * LOW HITPOINT WARNING * * *
The centaur shoots an arrow.
The arrow hits you.
* * * LOW HITPOINT WARNING * * *
You see here an arrow.
The centaur shoots an arrow.
The arrow hits you but does no damage.
You see here an arrow.
Are you sure you want to shaft yourself?
You are feeling very hungry.
The centaur shoots an arrow.
The arrow misses you. You block the orc warrior's attack.
You begin to dig a shaft.
You continue digging a shaft.
The orc wizard casts a spell.
The orc wizard flickers and vanishes for a moment.
The centaur shoots an arrow.
The arrow hits you!
* * * LOW HITPOINT WARNING * * *
The orc warrior hits you from afar with a halberd of freezing.
You die...

# ## ##. ##.. #####
##..#
####...###########
##..##
####................#
#...#
...............(....##
#...#
................@(o..#
##..##
############...###...##
#.... ##### ##...##
##... ##...# ##..o##
#... ##....## ##co.##
##.. # ##......#
##o..## ###.# ###
##.......##
##o..###.... ..##
##....##...#
#......{{c.
...####....####..##
#....o..{oo


You could see an orc warrior, a centaur, an orc wizard (invisible) and 3 orcs.

Vanquished Creatures
  Grinder (D:6)
  3 sky beasts
  An ice beast (D:7)
  A black bear (D:4)
  An ogre (D:5)
  A giant frog (D:7)
  Blork the orc (D:5)
  A scorpion (D:6)
  5 killer bees (D:7)
  2 howler monkeys (D:4)
  A centaur zombie (D:7)
  2 jellies
  2 orc priests
  A giant frog skeleton (D:4)
  2 hounds
  6 orc wizards
  Natasha (thrice) (D:4)
  2 iguanas
  3 worker ants
  A hound skeleton (D:4)
  3 gnolls (D:6)
  A howler monkey skeleton (D:7)
  5 adders
  A shadow imp (D:5)
  2 oozes (D:3)
  An adder zombie (D:6)
  An adder skeleton (D:4)
  7 worms
  3 dart slugs
  5 giant geckos
  14 orcs
  4 giant cockroaches
  6 goblins
  4 hobgoblins (D:1)
  4 jackals
  4 kobolds
  A quokka (D:3)
  8 bats
  A giant cockroach zombie (D:5)
  3 giant newts
  A jackal skeleton (D:4)
  4 rats
123 creatures vanquished.

Vanquished Creatures (others)
  A quokka (D:4)
1 creature vanquished.

Grand Total: 124 creatures vanquished

Notes
Turn   | Place    | Note
--------------------------------------------------------------
     0 | D:1      | Geppetto the Formicid Fighter began the quest for the Orb.
     0 | D:1      | Reached XP level 1. HP: 18/18 MP: 1/1
   166 | D:1      | Reached XP level 2. HP: 22/24 MP: 2/2
   336 | D:1      | Reached XP level 3. HP: 23/29 MP: 3/3
   835 | D:2      | Found a glowing golden altar of the Shining One.
  1242 | D:2      | Reached XP level 4. HP: 35/35 MP: 4/4
  1912 | D:3      | Noticed a sky beast
  1922 | D:3      | Killed a sky beast
  1922 | D:3      | Reached skill level 5 in Shields
  1922 | D:3      | Reached XP level 5. HP: 23/41 MP: 5/5
  1926 | D:3      | Gained mutation: Your magical capacity is low. (-10% MP) [mutagenic meat]
  1927 | D:3      | Gained mutation: Your muscles are strong. (Str +2) [mutagenic meat]
  1928 | D:3      | Gained mutation: You are agile. (Dex +2) [mutagenic meat]
  1929 | D:3      | Lost mutation: Your muscles are strong. (Str +2) [mutagenic meat]
  1931 | D:3      | Gained mutation: Scrolls take you a little longer to read. [mutagenic meat]
  2093 | D:3      | Found a sacrificial altar of Ru.
  2441 | D:4      | Noticed Natasha
  2452 | D:4      | Killed Natasha
  2452 | D:4      | Reached skill level 5 in Long Blades
  2452 | D:4      | Reached XP level 6. HP: 32/47 MP: 5/5
  2771 | D:4      | Noticed Natasha
  2781 | D:4      | Killed Natasha
  2785 | D:4      | Found a white marble altar of Elyvilon.
  2888 | D:4      | Reached XP level 7. HP: 52/52 MP: 6/6
  3195 | D:4      | Found a staircase to the Ecumenical Temple.
  3210 | Temple   | Entered the Ecumenical Temple
  3254 | Temple   | Became a worshipper of Lugonu the Unformed
  3254 | Temple   | Reached * piety under Lugonu
  3336 | D:4      | Noticed Natasha
  3344 | D:4      | Killed Natasha
  3741 | D:5      | Entered Level 5 of the Dungeon
  3744 | D:5      | Noticed Blork the orc
  3764 | D:5      | Reached XP level 8. HP: 58/58 MP: 7/7
  3773 | D:5      | Killed Blork the orc
  4002 | D:5      | You fall through a shaft!
  4012 | D:6      | Reached ** piety under Lugonu
  4151 | D:6      | Lost mutation: Your magical capacity is low. (-10% MP) [potion of cure mutation]
  4151 | D:6      | Lost mutation: Scrolls take you a little longer to read. [potion of cure mutation]
  4151 | D:6      | Lost mutation: You are agile. (Dex +2) [potion of cure mutation]
  4508 | D:6      | Noticed Grinder
  4535 | D:6      | Killed Grinder
  4535 | D:6      | Reached skill level 5 in Fighting
  4535 | D:6      | Reached XP level 9. HP: 51/68 MP: 9/9
  4977 | D:6      | Gained mutation: You are agile. (Dex +2) [potion of mutation]
  4977 | D:6      | Gained mutation: You are dopey. (Int -2) [potion of mutation]
  4977 | D:6      | Gained mutation: You are very dopey. (Int -4) [potion of mutation]
  5221 | D:7      | Found an iron altar of Okawaru.
  5678 | D:7      | Found a burning altar of Makhleb.
  5747 | D:7      | Gained mutation: Your spells are a little easier to cast, but a little less powerful. [mutagenic meat]
  5748 | D:7      | Gained mutation: You possess an exceptional clarity of mind. [mutagenic meat]
  5749 | D:7      | Gained mutation: Your movements are slightly less encumbered by armour. (ER -2) [mutagenic meat]
  5750 | D:7      | Gained mutation: You are frail. (-10% HP) [mutagenic meat]
  5751 | D:7      | Gained mutation: You expend magic power (3 MP) to strengthen your wands. [mutagenic meat]
  5752 | D:7      | Gained mutation: Your magical capacity is low. (-10% MP) [mutagenic meat]
  5921 | D:7      | HP: 1/64 [centaur/arrow (9)]
  5921 | D:7      | Slain by an orc warrior

Vault maps used:
D:1:      dpeg_arrival_stone_temple_mockup
D:2:      minmay_door_path, tso_metal_star
D:3:      nicolae_ru_the_path_less_chosen
D:4:      black_bear_nest_2, temple_hall, st_stairs_2, elyvilon_altar_4,
          uniq_natasha
D:5:      grunt_temple_overflow_open, first_bread, serial_park_tiny_pond,
          uniq_sigmund, uniq_blork_the_orc, uniq_duvessa
D:6:      uniq_grinder
D:7:      bloody_makhleb, okawaru_ov_weapons_minmay
Temple:   corrupted_temple

Skill      XL: |  1  2  3  4  5  6  7  8  9 |
---------------+----------------------------+-----
Long Blades    | 3 4 5 7 8 |  8.0
Shields        | 4 5 6 7 8 |  8.7
Fighting       | 5 7 |  7.4
Armour         | |  3.2

Action                   |  1- 3 |  4- 6 |  7- 9 || total
-------------------------+-------+-------+-------++-------
Melee: Long sword        |   119 |   130 |   355 ||   604
Throw: Javelin           |       |     2 |     9 ||    11
 Abil: Dig               |       |       |     1 ||     1
       Shaft Self        |       |       |     1 ||     1
  Use: Scroll            |     2 |     7 |     4 ||    13
       Potion            |       |       |     5 ||     5
  Eat: Chunk             |     1 |    12 |    14 ||    27
       Pizza             |       |       |     1 ||     1
Armor: Scale mail        |    65 |    43 |   122 ||   230
Dodge: Dodged            |    35 |    50 |   108 ||   193
Block: Shield            |    73 |    87 |   183 ||   343
